[Event "Chessable English Open-ch 2022"]
[Site "Kenilwoth"]
[Date "2022.05.19"]
[Round "1.11"]
[White "Hackner, Oskar A"]
[Black "Zheng, Harry Z"]
[Result "1-0"]
[ECO "E05"]
[WhiteElo "2177"]
[BlackElo "1915"]
[Annotator "TA"]
[PlyCount "51"]
[EventDate "2022.05.18"]
[EventType "swiss"]
[EventCountry "ENG"]
[SourceTitle "playchess.com"]
[Source "ChessBase"]
[SourceQuality "1"]
[TimeControl "5400+30"]

1. d4 Nf6 2. c4 e6 3. g3 d5 4. Nf3 Be7 5. Bg2 O-O 6. O-O dxc4 7. Ne5 Nc6 8. Bxc6 bxc6 9. Nxc6 Qe8 10. Nxe7+ Qxe7 11. Qc2 {[%emt 0:01:17] E05: Open Catalan: 5 Nf3 Be7.} e5 12. dxe5 Qxe5 13. Bf4 {[%emt 0:02:09] White is slightly better.} Qc5 14. Nd2 {[%emt 0:02:52][%cal Bb1d2,Bd2c4,Bc4e3][%mdl 32] [#]} (14. Be3 $5 Qc6 15. f3 $14) 14... Bh3 $146 ({Predecessor:} 14... Ba6 15. Rac1 Nd5 16. Nxc4 Nxf4 17. gxf4 Rfe8 18. Rfe1 Qh5 19. f3 Re6 20. Ne5 Rae8 {½-½ (35) Horvath,C (2512)-Prohaszka,P (2617) Bol 2015}) 15. Rfe1 g5 (15... Ng4 $14 16. Ne4 Qb6) 16. Be3 $16 Qd5 17. f3 Ng4 18. Nxc4 Rfe8 19. Rad1 Nxe3 20. Nxe3 Qe5 21. Rd3 Rad8 22. Red1 Rxd3 23. Rxd3 Bc8 (23... Bf5 $16 {might work better.} 24. Nxf5 Qxf5) 24. Qc3 Ba6 $2 {[%emt 0:03:13] [#]} (24... Qxc3 25. Rxc3 Be6) 25. Rd8 $3 $18 {[%emt 0:00:55][%mdl 512] White threatens Qxe5 and mate.} Qb5 {[%emt 0:13:01] [#]} (25... f6 26. Qxe5) 26. Nf5 $1 {[%emt 0:01:03][%mdl 512] Black got outplayed after the opening.  Weighted Error Value: White=0.02 (flawless) /Black=0.70} 1-0

[Event "Chessable English Open-ch 2022"]
[Site "Kenilwoth"]
[Date "2022.05.19"]
[Round "1.12"]
[White "Pert, Max"]
[Black "Wells, Peter K"]
[Result "1/2-1/2"]
[ECO "D44"]
[WhiteElo "1634"]
[BlackElo "2374"]
[Annotator "TA"]
[PlyCount "65"]
[EventDate "2022.05.18"]
[EventType "swiss"]
[EventCountry "ENG"]
[SourceTitle "playchess.com"]
[Source "ChessBase"]
[SourceQuality "1"]
[TimeControl "5400+30"]

1. d4 Nf6 2. Nf3 d5 3. c4 e6 4. Nc3 c6 5. Bg5 h6 6. Bh4 dxc4 7. e4 g5 8. Bg3 b5 9. e5 Nh5 {[%emt 0:06:02] D44: Semi-Slav: Botvinnik System.} 10. a4 a6 11. Be2 $1 Nxg3 (11... Bb4 $1 $15 {is more appropriate.}) 12. hxg3 $11 Bb7 13. Ne4 $1 {[%emt 0:13:58][%cal Of3g5] aiming for Nfxg5!} Bb4+ (13... c5 $11 14. Nf6+ (14. Nxc5 Bd5 $11) 14... Ke7) 14. Kf1 $14 {[%emt 0:00:34][%cal Of3g5] [#] White is more active.} Be7 $146 {[%emt 0:00:13] [#]} ({Black should try} 14... Ke7 $1 $14) ({Predecessor:} 14... Ke7 15. Qc1 g4 16. Nh2 Qxd4 17. Qf4 Nd7 18. Rd1 Qxb2 19. Nxg4 c3 20. Rxh6 Rxh6 {1-0 (40) Matlakov,M (2490)-Goganov,A (2356) St Petersburg 2008}) 15. Nfxg5 $1 $18 {[%emt 0:07:28][%mdl 576] Deflection} Bxg5 16. Nd6+ Kd7 (16... Kf8 $142) 17. Nxb7 Qf8 (17... Qb6 $142) 18. axb5 cxb5 19. Nd6 Nc6 20. Bf3 {[%emt 0:01:45] Black must now prevent Bxc6+.} Nb4 21. Bxa8 Qxa8 22. Qf3 (22. Nxf7 $142 Rf8 23. Nxg5 hxg5 24. Rh7+ Kc8 25. Qd2) 22... Nd5 $2 (22... Qxf3 {might work better.} 23. gxf3 Rh7) 23. Qxf7+ Be7 24. Ne4 {[%emt 0:01:57][%cal Oa1a6] Strongly threatening Rxa6!} Ne3+ 25. fxe3 {[%emt 0:01:59] Intending Nc5+ and mate.} Qxe4 26. Kg1 $1 ({Avoid the trap} 26. Rxa6 $2 Rf8 27. Qxf8 (27. Ra7+ $2 Kc6 $19) 27... Bxf8 28. Ra7+ Kc6 $19) 26... Rf8 27. Qg7 (27. Qh5 $1 $18 {is the precise move to win.}) 27... Qxe3+ $16 {[%emt 0:01:37] This move loses the game for Black.} 28. Kh2 Rf5 {[%emt 0:00:55][%cal Rf5h5] [#]} 29. Qg4 {[%emt 0:01:44] Prevents Rh5+.} h5 30. Qh3 {[%emt 0:01:05] And now Rhe1 would win.} h4 31. gxh4 (31. Rxa6 {is a self mate.} hxg3+ 32. Qxg3 Rh5+) 31... Qf4+ 32. Qg3 Qh6 {[%emt 0:00:46] Hoping for ...Bg5.} 33. Qh3 $2 {[%emt 0:20:35][%mdl 40960] Weighted Error Value: White=0.32/Black=0.48. An unexpected result.} (33. Rxa6 $16 {is forced if you want to stay better.} Bxh4 {[#]} 34. Qg7+ $3 (34. Ra7+ $2 Kc8 $19) 34... Qxg7 35. Ra7+ Kc6 36. Rxg7) 1/2-1/2

[Event "Chessable English Open-ch 2022"]
[Site "Kenilwoth"]
[Date "2022.05.19"]
[Round "1.13"]
[White "Royal, Shreyas"]
[Black "Kumar, Soham"]
[Result "1-0"]
[ECO "A57"]
[WhiteElo "2385"]
[BlackElo "1678"]
[Annotator "TA"]
[PlyCount "71"]
[EventDate "2022.05.18"]
[EventType "swiss"]
[EventCountry "ENG"]
[SourceTitle "playchess.com"]
[Source "ChessBase"]
[SourceQuality "1"]
[TimeControl "5400+30"]

1. d4 Nf6 2. c4 c5 3. d5 b5 4. cxb5 a6 5. b6 Qxb6 6. Nc3 d6 7. e4 Nbd7 8. Nf3 g6 9. Nd2 Bg7 10. Be2 O-O 11. Nc4 Qc7 12. Bf4 {[%emt 0:00:06] 12.Bf4 is better than 12.0-0.} Nb6 13. Ne3 Bd7 {[%emt 0:03:07] A57: Benko/Volga Gambit.} 14. O-O {[%emt 0:01:57] [#]} Rfd8 $146 ({Predecessor:} 14... Rfb8 15. Qc2 Ne8 16. Rab1 Qd8 17. b3 Nc7 18. a4 Rb7 19. Bd3 Rab8 20. Ne2 Qf8 21. Bg3 {0-1 (52) Yrjola,J (2398)-Solozhenkin,E (2508) Jyvaskyla 2006}) 15. a4 e6 (15... Rdb8 $14) 16. dxe6 Bxe6 17. a5 Nc8 18. Qd2 ({White should play} 18. Bg5 $16 {Black must now prevent Bxf6.} Ne7 19. Bc4) 18... Ne7 $11 19. Nc4 Bxc4 20. Bxc4 Nc6 21. Bg5 {[%emt 0:01:12] [#] Hoping for Bxf6. This bishop pair is nice.} Ne5 {[%emt 0:07:46] This costs Black the game.} ({Black should try} 21... Re8 $14) 22. Bxf6 $18 Bxf6 (22... Nxc4 23. Bxd8 Qxd8) 23. Nd5 $1 {[%emt 0:00:09][%csl LRc7,LRf6] White is clearly winning.} Nxc4 24. Nxf6+ (24. Nxc7 $2 {is the wrong capture.} Nxd2 25. Nxa8 Nxf1 $19) 24... Kg7 {[%emt 0:00:09] [#]} 25. Qc3 Ne5 26. Nd5 Qc6 27. f4 Re8 28. fxe5 dxe5 29. Qf3 Qb7 30. Qf6+ Kg8 31. Qb6 Qxb6 32. axb6 Red8 33. Ra5 f5 34. b7 Rab8 35. Ne7+ Kg7 36. Nc6 {[%emt 0:00:04] Weighted Error Value: White=0.21 (precise) /Black=0.78} 1-0

[Event "Chessable English Open-ch 2022"]
[Site "Kenilwoth"]
[Date "2022.05.19"]
[Round "1.14"]
[White "Watson, Jacob"]
[Black "Haydon, David L"]
[Result "0-1"]
[ECO "B14"]
[WhiteElo "1922"]
[BlackElo "2275"]
[Annotator "TA"]
[PlyCount "76"]
[EventDate "2022.05.18"]
[EventType "swiss"]
[EventCountry "ENG"]
[SourceTitle "playchess.com"]
[Source "ChessBase"]
[SourceQuality "1"]
[TimeControl "5400+30"]

1. e4 c6 2. d4 d5 3. exd5 cxd5 4. c4 Nf6 5. Nc3 e6 6. Nf3 Nc6 7. Bd3 dxc4 8. Bxc4 Be7 9. O-O O-O 10. Be3 b6 11. Qe2 Bb7 12. a3 Rc8 {[%emt 0:03:09] B14: Caro-Kann: Panov-Botvinnik Attack with 5...e6 and 5...g6.} 13. Rac1 Bd6 14. Ba6 Bxa6 {[%emt 0:06:37] Black is slightly better.} 15. Qxa6 h6 {[%emt 0:00:46] [#]} 16. Qa4 $146 ({Predecessor:} 16. h3 Bb8 17. Rc2 Qd7 18. Rfc1 Rfd8 19. Ne2 Ne7 20. Nc3 Rc6 21. Qe2 Nfd5 22. Nxd5 Qxd5 23. Rxc6 Nxc6 {½-½ (40) Salonen,J (2106)-Potrata,J (2297) ICCF email 2013}) 16... Qd7 17. Rfd1 Rfd8 18. Nd2 Bb8 19. Nde4 Nxe4 20. Nxe4 f5 21. d5 exd5 22. Nc3 (22. Nd2 $17 {only move.}) 22... Qf7 (22... d4 $19 {aiming for ...Qc7.} 23. Ne2 Qe6) 23. Ne2 $17 Ne5 24. Rxc8 Rxc8 25. Nf4 (25. Qb5 $15) 25... Nc4 26. Qb5 (26. Qb3 $142) 26... Nxe3 27. fxe3 Bxf4 28. exf4 {[%emt 0:00:12][%mdl 4096] Endgame KQR-KQR} Rd8 29. Qb4 Qc7 30. Qd4 Qe7 31. Kf2 Kh7 32. Qe3 (32. g3 $15) 32... Qh4+ 33. Kg1 d4 34. Qe5 Qh5 35. Rd3 {[%emt 0:00:36][%mdl 8192] [#] White does not recover from this.} (35. Rxd4 $15 Re8 36. Qb5) 35... Re8 $19 36. Qxd4 Re1+ {[%emt 0:01:17] Black mates.} 37. Kf2 Qe2+ 38. Kg3 Qg4+ {[%emt 0:00:17] Weighted Error Value: White=0.61/Black=0.13 (very precise)} 0-1

[Event "Chessable English Open-ch 2022"]
[Site "Kenilwoth"]
[Date "2022.05.19"]
[Round "1.15"]
[White "Macklin, Paul"]
[Black "Herring, Samuel"]
[Result "1/2-1/2"]
[ECO "B13"]
[WhiteElo "2350"]
[BlackElo "1900"]
[Annotator "TA"]
[PlyCount "49"]
[EventDate "2022.05.18"]
[EventType "swiss"]
[EventCountry "ENG"]
[SourceTitle "playchess.com"]
[Source "ChessBase"]
[SourceQuality "1"]
[TimeControl "5400+30"]

1. e4 c6 2. d4 d5 3. exd5 cxd5 4. Bd3 Nc6 5. c3 Nf6 6. Bf4 Bg4 7. Qb3 Qd7 8. Nd2 e6 9. Ngf3 Bd6 10. Bxd6 Qxd6 11. O-O O-O 12. Rae1 Bxf3 13. Nxf3 Qc7 {[%emt 0:00:23] B13: Caro-Kann: Exchange Variation and Panov-Botvinnik Attack.} 14. Qd1 Rab8 15. Qe2 {[%emt 0:12:10] [#]} a6 $146 {[%emt 0:05:08] The position is equal.} ({Predecessor:} 15... Rfe8 16. Ne5 Nxe5 17. dxe5 Nd7 18. Qh5 g6 19. Qg5 b5 20. a3 a5 21. h4 Nc5 {½-½ (64) Juhasz,B (2250)-Zimina,O (2341) Tornelo INT 2021}) 16. Kh1 b5 17. a3 Na5 18. Ne5 Nc4 19. f4 a5 20. f5 exf5 21. Rxf5 Ne4 ({Black should play} 21... Rfe8 $11) 22. Nxc4 $14 bxc4 23. Bxe4 ({And not} 23. Rxd5 cxd3 24. Qxe4 d2 $17) 23... dxe4 24. Qxe4 Rxb2 25. Rc5 {[%emt 0:07:52] Weighted Error Value: White=0.10 (very precise) /Black=0.18 (very precise)} 1/2-1/2

[Event "Chessable English Open-ch 2022"]
[Site "Kenilwoth"]
[Date "2022.05.19"]
[Round "1.16"]
[White "Shenbagakumar, Gautham"]
[Black "Okhai, Shabir"]
[Result "0-1"]
[ECO "C54"]
[WhiteElo "1700"]
[BlackElo "2121"]
[Annotator "TA"]
[PlyCount "98"]
[EventDate "2022.05.18"]
[EventType "swiss"]
[EventCountry "ENG"]
[SourceTitle "playchess.com"]
[Source "ChessBase"]
[SourceQuality "1"]
[TimeControl "5400+30"]

1. e4 e5 2. Nf3 Nc6 3. Bc4 Bc5 4. c3 Nf6 5. d4 exd4 6. e5 d5 7. Bb5 Ne4 8. cxd4 Bb6 9. Nc3 O-O 10. Be3 {[%emt 0:00:42] C54: Giuoco Piano: 4 c3 Nf6, main lines with 5 d4 and 5 d3.} Bg4 11. h3 Bxf3 12. gxf3 {[%emt 0:01:18] The position is equal.} Nxc3 13. bxc3 Ne7 {[%emt 0:03:03] [#]} 14. Qd3 $146 (14. Bd3 $11 {should be considered.}) ({Predecessor:} 14. Bd3 f5 15. f4 Rc8 16. Qb3 c5 17. dxc5 Bxc5 18. Qxb7 Rb8 19. Qa6 Qc7 20. Rc1 {½-½ (52) Motylev,A (2669)-Oleksienko,M (2565) Legnica 2013}) 14... Qc8 15. Ba4 c5 16. Rc1 cxd4 17. cxd4 Qf5 18. Ke2 f6 (18... Qh5 $11) 19. Qxf5 $1 $14 Nxf5 20. Rhd1 fxe5 21. dxe5 d4 22. Bd2 {[%emt 0:04:14] And now Bb3+ would win.} d3+ (22... Nh4 $11 {keeps the balance.}) 23. Kf1 Nd4 (23... Nh4 $14) 24. f4 $16 Kh8 25. Be3 Ne6 26. Rc4 {[%emt 0:00:38] [#] Bd7 is the strong threat.} ({Much worse is} 26. Rxd3 $6 Nxf4 27. Rb3 Nd5 28. Bxb6 axb6 $11) 26... Rad8 {[%emt 0:03:12] Inhibits Bd7.} 27. Bb3 ({White should try} 27. h4 $14) 27... g5 $11 28. Bxb6 axb6 29. fxg5 Nxg5 30. h4 Nh3 (30... Nf3 $5 31. Re4 Rf5 $15) 31. Rd2 {[%emt 0:00:51][%mdl 8192] [#] White is now going downhill.} (31. Kg2 $11 Nf4+ 32. Kf1) 31... Rg8 $1 $19 32. Rxd3 Rxd3 33. Ke2 {[%emt 0:00:01] Prevents Rd2+.} Rgd8 34. f4 R3d4 35. f5 Nf4+ 36. Ke3 Ng2+ 37. Kf2 Rd2+ 38. Kg3 R8d3+ 39. Kg4 Ne3+ 40. Kg5 Nxc4 41. Bxc4 Rc3 42. Bf7 Kg7 43. Be6 Rg2+ 44. Kh5 Re2 {[%emt 0:00:54] Black mates.} 45. f6+ Kf8 46. Kh6 Rxe5 47. Bb3 Rc6 48. Kxh7 Rxf6 49. h5 Rxh5# {[%emt 0:00:05] Weighted Error Value: White=0.72/Black=0.19 (very precise)} 0-1

[Event "Chessable English Open-ch 2022"]
[Site "Kenilwoth"]
[Date "2022.05.19"]
[Round "2.1"]
[White "Harvey, Marcus R"]
[Black "Arkell, Keith C"]
[Result "1/2-1/2"]
[ECO "A33"]
[WhiteElo "2455"]
[BlackElo "2367"]
[Annotator "TA"]
[PlyCount "101"]
[EventDate "2022.05.18"]
[EventType "swiss"]
[EventCountry "ENG"]
[SourceTitle "playchess.com"]
[Source "ChessBase"]
[SourceQuality "1"]
[TimeControl "5400+30"]

1. c4 c5 2. Nf3 Nf6 3. Nc3 Nc6 4. d4 cxd4 5. Nxd4 e6 6. a3 d5 7. cxd5 Nxd5 8. Nxc6 {[%emt 0:00:24] A33: Symmetrical English: 2 Nf3 Nf6 3 d4 cxd4 4 Nxd4 e6 5 Nc3 Nc6.} bxc6 9. Bd2 Be7 10. Qc2 {[%emt 0:01:45] White has an edge.} O-O 11. e4 Nxc3 12. Bxc3 {[%emt 0:00:07] [#]} a5 $146 ({Predecessor:} 12... Qb6 13. Rd1 Ba6 14. Bxa6 Qxa6 15. Rd7 Bf6 16. Bxf6 gxf6 17. Qc3 Rfd8 18. Qg3+ Kf8 {½-½ (28) Ribli,Z (2577)-Schmittdiel,E (2438) Austria 2009}) 13. Be2 Qb6 14. O-O Ba6 15. Rad1 Bxe2 16. Qxe2 Qb5 17. Qg4 {[%emt 0:01:13][%csl Gc3][%cal Rg4g7] [#]} Qg5 18. Qxg5 Bxg5 19. Rd7 Rfd8 20. Rfd1 {[%emt 0:07:20] White is more active.} Rxd7 21. Rxd7 $14 {[%emt 0:00:13][%mdl 4096] Endgame KRB-KRB} Bf6 22. e5 Rd8 23. Rxd8+ Bxd8 {[%emt 0:00:00] KB-KB} 24. Kf1 Kf8 25. Ke2 Ke8 26. Kd3 Kd7 27. Kc4 Bb6 28. Bd4 Bd8 29. Bc3 Bb6 30. Kb3 (30. g4 $14) 30... Kc8 ({Black should try} 30... Bxf2 $11 31. Bxa5 c5) 31. Ka4 Kb7 32. Bxa5 Bxf2 33. Bc3 {[%emt 0:37:54] Against Bd4} h5 34. Kb4 Bh4 35. Kc4 Bd8 36. b4 (36. Kd4 $14) 36... f5 $11 37. exf6 gxf6 38. a4 Bc7 (38... f5 $11) 39. h3 $2 ({White has to play} 39. Bxf6 $16 {Black must now prevent g3.} Bxh2 40. Bg5) 39... f5 $1 {[%emt 0:00:00] The position is equal.} 40. Kc5 Bg3 41. a5 Kc7 42. Kd4 e5+ 43. Kc4 e4 44. Bd4 f4 45. a6 e3 {[%emt 0:01:23] [#] Strongly threatening ...e2.} 46. Kd3 h4 47. Ke2 Kb8 48. Bb6 Ka8 49. Kf3 Kb8 50. Bc5 Ka8 51. Ke4 $2 {[%emt 0:02:59][%mdl 40960] Weighted Error Value: White=0.13 (very precise) /Black=0.12 (very precise) . An unexpected result.} (51. Bd4 $11) 1/2-1/2

[Event "Chessable English Open-ch 2022"]
[Site "Kenilwoth"]
[Date "2022.05.19"]
[Round "2.2"]
[White "Ashton, Adam G"]
[Black "Pert, Richard G"]
[Result "1/2-1/2"]
[ECO "B13"]
[WhiteElo "2366"]
[BlackElo "2415"]
[Annotator "TA"]
[PlyCount "88"]
[EventDate "2022.05.18"]
[EventType "swiss"]
[EventCountry "ENG"]
[SourceTitle "playchess.com"]
[Source "ChessBase"]
[SourceQuality "1"]
[TimeControl "5400+30"]

1. e4 c6 2. d4 d5 3. exd5 cxd5 4. Nf3 Nf6 5. Ne5 g6 6. Bb5+ {[%emt 0:00:08] B13: Caro-Kann: Exchange Variation and Panov-Botvinnik Attack.} Nbd7 7. O-O Bg7 8. Re1 $1 O-O 9. Nf3 Ne4 10. Bd3 e5 11. c3 Nxf2 12. Kxf2 e4 {[%emt 0:00:16] [#]} 13. Bxe4 $146 ({Predecessor:} 13. Be2 exf3 14. Bxf3 Nf6 15. Bf4 Ne4+ 16. Bxe4 dxe4 17. Rxe4 b5 18. Kg1 Bb7 19. Re3 {1-0 (48) Gavrilescu,D (2477)-Pert,R (2416) Douglas 2021}) 13... dxe4 14. Rxe4 b5 15. Nbd2 Bb7 16. Re1 b4 17. Kg1 bxc3 18. bxc3 Qc7 19. Ba3 Rfe8 20. Qb3 Nb6 21. Bc5 Bh6 22. Qb5 Bc6 {[%emt 0:09:05][%mdl 1024] Black has compensation.} 23. Qd3 Nd5 24. Ne4 Bg7 {[%emt 0:08:33] A strong pair of Bishops.} 25. Bd6 Qd8 (25... Qb7 $14 {is more appropriate.}) 26. Be5 (26. Bg3 $1 $16) 26... f6 27. Bg3 {[%emt 0:02:19][%cal Be5g3,Bg3e1,Be1f2][%mdl 32] White is more active.} Qa5 {[%emt 0:07:26] [#]} (27... Nb6 $142) 28. c4 ({Better is} 28. Nd6 $1 Qxc3 29. Qxc3 Nxc3 30. Nxe8 Bxe8 31. Rac1 Nxa2 32. Rc7) 28... Nb4 $16 29. Qb1 {[%emt 0:00:48] Nd6 is the strong threat.} f5 {[%emt 0:09:27] [#]} 30. Ned2 (30. Nd6 $1 $16 Bxf3 31. Nxe8 Bxd4+ 32. Kh1) 30... Rxe1+ $11 31. Bxe1 Qd8 32. Bf2 $16 Rb8 33. a3 Nd5 34. Qc2 Nf6 35. Ne5 (35. d5 $16 Ng4 36. Bd4 Bxd4+ 37. Nxd4) 35... Ba8 $14 36. Rb1 ({White should play} 36. Qc3 $14) 36... Rxb1+ $11 {[%emt 0:01:28] The position is equal.} 37. Qxb1 Ne4 38. Nxe4 Bxe4 39. Qb5 Bxe5 40. Qxe5 Qg5 41. Qe6+ Kg7 42. Qe5+ Kg8 43. Qe6+ Kg7 44. Qe5+ Kg8 {[%emt 0:00:05] Weighted Error Value: White=0.13 (very precise) /Black=0.12 (very precise)} 1/2-1/2

[Event "Chessable English Open-ch 2022"]
[Site "Kenilwoth"]
[Date "2022.05.19"]
[Round "2.3"]
[White "Wadsworth, Matthew J"]
[Black "Hackner, Oskar A"]
[Result "1-0"]
[ECO "A11"]
[WhiteElo "2432"]
[BlackElo "2177"]
[Annotator "TA"]
[PlyCount "101"]
[EventDate "2022.05.18"]
[EventType "swiss"]
[EventCountry "ENG"]
[SourceTitle "playchess.com"]
[Source "ChessBase"]
[SourceQuality "1"]
[TimeControl "5400+30"]

1. c4 Nf6 2. g3 c6 3. Bg2 d5 4. Nf3 g6 5. b3 Bg7 6. Bb2 O-O 7. O-O a5 8. d3 {[%emt 0:01:09] 8.Nc3 is the modern continuation.} Re8 {[%emt 0:03:19] A11: English Opening: 1...c6.} 9. Qc2 {[%emt 0:00:59] has lost popularity (9.Nbd2).} Na6 {[%emt 0:01:14][%cal Bb8a6,Ba6c7,Bc7b5][%mdl 32] [#]} 10. Bc3 $146 ({Predecessor:} 10. a3 Bg4 11. Ne5 Be6 12. Nd2 Nd7 13. Nxd7 Bxb2 14. Qxb2 Qxd7 15. Rfc1 Qd6 16. cxd5 cxd5 {1-0 (64) Malikentzos,S (2441)-Markgraf,A (2502) Porto Carras 2018}) 10... b5 {[%emt 0:05:15] The position is equal.} 11. cxb5 cxb5 12. Qb2 Bb7 (12... b4 $5 13. Bd4 Bb7 $11) 13. Nbd2 b4 14. Bd4 Nc7 15. Rac1 Nb5 16. Be5 Qb6 (16... Bh6 $15) 17. Nb1 (17. e3 $11) 17... Bh6 $1 $17 18. Rc2 Rac8 ({Black should play} 18... Nd7 $17 19. d4 Nxe5 20. dxe5 Rec8) 19. a4 bxa3 20. Nxa3 Rxc2 21. Nxc2 Nd7 22. Bf4 Bxf4 (22... Bg7 $5 23. d4 Nf6 $15) 23. gxf4 Rc8 24. Bh3 e6 25. Ra1 Nc3 26. Ncd4 Nf8 27. Qa3 Rc5 28. e3 Bc8 29. Bf1 Nd7 30. Ne2 Nxe2+ 31. Bxe2 Qc7 {[%emt 0:02:15] [#]} (31... d4 $11) 32. d4 $1 $16 Rc3 33. Qe7 ({But not} 33. Qxa5 Qxa5 34. Rxa5 Rxb3 $11) 33... h6 34. Bb5 $40 {[%emt 0:03:22][%mdl 128] White goes for the king.} Kg7 35. Kg2 {[%emt 0:04:26] White is more active.} Nf6 36. Qxc7 Rxc7 37. Rxa5 Ne4 (37... Bd7 $142) 38. Bd3 Nd6 {[%emt 0:00:45] Loses the game.} (38... Bd7 $16 {was worth a try.}) 39. Rc5 $18 Rb7 {[%emt 0:00:10] [#]} 40. Rc6 $1 Rd7 41. Ne5 Bb7 42. Rb6 ({Don't do} 42. Nxd7 $6 Bxc6 43. Nc5 Kf8 $14) 42... Rd8 43. Bb5 {[%emt 0:02:24] Strongly threatening Bd7.} g5 $2 (43... Ba8 {is a better chance.} 44. Kf3 g5) 44. Bd7 f6 45. Rxd6 fxe5 46. fxe5 Kf8 47. Bxe6 Rxd6 48. exd6 {[%emt 0:00:04] KB-KB} Bc6 49. Kg3 {[%emt 0:00:25] Threatening mate with Kg4.} h5 50. h4 gxh4+ 51. Kxh4 {[%emt 0:00:09] Weighted Error Value: White=0.13 (very precise) /Black=0.58} 1-0

[Event "Chessable English Open-ch 2022"]
[Site "Kenilwoth"]
[Date "2022.05.19"]
[Round "2.4"]
[White "Haydon, David L"]
[Black "Roberson, Peter T"]
[Result "1/2-1/2"]
[ECO "D13"]
[WhiteElo "2275"]
[BlackElo "2421"]
[Annotator "TA"]
[PlyCount "78"]
[EventDate "2022.05.18"]
[EventType "swiss"]
[EventCountry "ENG"]
[SourceTitle "playchess.com"]
[Source "ChessBase"]
[SourceQuality "1"]
[TimeControl "5400+30"]

1. d4 d5 2. Nf3 Nf6 3. c4 c6 4. cxd5 cxd5 5. Nc3 Nc6 6. Bf4 a6 7. e3 Bg4 8. Be2 e6 9. Ne5 Bxe2 10. Qxe2 Rc8 11. O-O {[%emt 0:02:40] D13: Slav Defence: Exchange variation without ...Bf5.} Bd6 12. Nxc6 Rxc6 13. Bxd6 Qxd6 14. Rac1 O-O {[%emt 0:04:17] [#]} 15. Na4 $146 ({Predecessor:} 15. a3 Rfc8 16. Na2 Rxc1 17. Rxc1 Rxc1+ 18. Nxc1 Qc7 19. Na2 Ne4 20. f3 Nd6 21. Nc3 {½-½ (31) Del Rey,D (2394)-Oratovsky,M (2495) Mondariz 2015}) 15... Nd7 16. Rc2 Rfc8 17. Rfc1 g6 18. g3 Kg7 19. Kg2 h5 20. h4 Rxc2 21. Rxc2 Rc6 22. b3 Qc7 23. Rxc6 Qxc6 $11 {[%emt 0:01:16][%mdl 4096] Endgame KQN-KQN} 24. Qb2 Nf6 25. Qc3 {[%emt 0:04:15] [#] Qxc6 is the strong threat.} Qb5 26. Qc2 Ne4 27. Qb2 Qc6 28. Nc5 Nxc5 29. dxc5+ {[%emt 0:00:16] KQ-KQ} f6 30. Qc2 d4+ 31. f3 dxe3 {[%emt 0:01:18] Threatens to win with ...Qd5.} 32. Qd3 (32. Qc3 $11) 32... Qxc5 $17 {[%emt 0:02:47] Hoping for ...g5.} 33. Qd7+ {[%emt 0:01:24] [#]} Kf8 $1 34. Qxe6 $2 (34. Qd8+ $17 {keeps fighting.} Kf7 35. Qd7+ Qe7 36. Qd4) 34... Qe7 $2 (34... Qc2+ $19 35. Kh3 e2 36. Qxf6+ Ke8 37. Qe5+ Kd7 38. Qd5+ Kc7 39. Qe5+ Kd8 40. Qd6+ Kc8 41. Qe6+ Kc7 42. Qe7+ Kb6 43. Qb4+ Kc6 44. Qa4+ b5 45. Qxa6+ Kd5 46. Qxb5+ Kd4) 35. Qc8+ $11 {[%emt 0:01:05] The position is equal.} Kg7 {[%emt 0:00:16] Strongly threatening ...e2.} 36. Kf1 g5 37. Ke2 Qd6 38. Qxb7+ Kh6 {[%emt 0:00:26] ( -> ...Qd2+)} 39. hxg5+ fxg5 {[%emt 0:01:09] Weighted Error Value: White=0.18 (very precise) /Black=0.16 (very precise)} 1/2-1/2